 Dungeon Crawl Stone Soup version 0.21.0-25-ge575cb9 (webtiles) character file.

218 JeffiDaFish the Bolt Thrower (level 5, -3/25 HPs)
             Began as a Spriggan Arcane Marksman on Jan 23, 2018.
             Was an Initiate of Dithmenos.
             Killed from afar by Natasha (8 damage)
             ... with a magic dart
             ... on level 4 of the Dungeon.
             The game lasted 00:06:31 (3223 turns).

JeffiDaFish the Bolt Thrower (SpAM)                 Turns: 3223, Time: 00:06:32

Health: -3/25      AC:  2    Str:  6    XL:     5   Next: 63%
Magic:  8/8        EV: 20    Int: 14    God:    Dithmenos [......]
Gold:   218        SH:  0    Dex: 18    Spells: 4/7 levels left

rFire    . . .     SeeInvis +   a - +2 hand crossbow
rCold    . . .     Gourm    .   (shield restricted)
rNeg     . . .     Faith    .   e - +0 robe
rPois    .         Spirit   .   (helmet restricted)
rElec    .         Reflect  .   (no cloak)
rCorr    .         Harm     .   (gloves unavailable)
MR       .....                  (boots unavailable)
Stlth    ++........             (no amulet)
HPRegen  0.08/turn              b - ring of wizardry
MPRegen  0.11/turn              (no ring)

@: very quick
A: very small, unfitting armour, see invisible, herbivore, speed 3, slow
metabolism 2
a: Renounce Religion


You were on level 4 of the Dungeon.
You worshipped Dithmenos.
Dithmenos was noncommittal.
You were not hungry.

You visited 1 branch of the dungeon, and saw 4 of its levels.

You collected 218 gold pieces.

Inventory:

Hand Weapons
 a - a +2 hand crossbow (weapon)
Missiles
 d - 16 bolts (quivered)
Armour
 e - a +0 robe (worn)
Jewellery
 b - a ring of wizardry (left hand)
Scrolls
 h - a scroll of remove curse
 i - a scroll of teleportation
 j - 3 scrolls of identify
Potions
 g - 3 potions of curing
Books
 c - a book of Debilitation

   Spells                             Type                      Level
   a - Corona                         Hexes                        1
   b - Slow                           Hexes                        2
   c - Inner Flame                    Hexes/Fire                   3
   d - Portal Projectile              Hexes/Translocation          3
   e - Cause Fear                     Hexes                        4
   f - Leda's Liquefaction            Hexes/Earth                  4
Comestibles
 f - 8 rations


   Skills:
 - Level 1.2 Fighting
   Level 1.0 Short Blades
 + Level 4.7 Crossbows
 + Level 4.2 Dodging
 + Level 0.7 Stealth
 + Level 1.6 Spellcasting
 + Level 4.3 Hexes


You had 4 spell levels left.
You knew the following spells:

 Your Spells              Type           Power        Failure   Level  Hunger
a - Corona                Hex            ##.....      1%          1    ##.....
b - Slow                  Hex            ##......     2%          2    ###....


Dungeon Overview and Level Annotations

Branches:
Dungeon (4/15)
 Temple: D:4-7

Altars:
Dithmenos

Annotations:
D:3 Golfball's ghost, amateur GrFi
D:4 Blork the orc; Natasha


Innate Abilities, Weirdness & Mutations

You are very small and have problems with some larger weapons.
You are too small for most types of armour.
You have supernaturally acute eyesight. (SInv)
You are a herbivore.
You cover ground extremely quickly.
You need consume almost no food.


Message History

Press: ? - help, Shift-Dir - straight line, f/p - Natasha
Aim: Natasha (heavily wounded)
You shoot a bolt. The bolt hits Natasha.
Natasha is severely wounded.
Natasha closely misses you.
Firing (i - inventory):
d - 18 bolts (quivered)
Press: ? - help, Shift-Dir - straight line, f/p - Natasha
Aim: Natasha (severely wounded)
You shoot a bolt. The bolt barely misses Natasha.
Natasha howls an incantation.
Natasha's front paws start to glow.
Natasha claws you.
* * * LOW HITPOINT WARNING * * *
Firing (i - inventory):
d - 17 bolts (quivered)
Press: ? - help, Shift-Dir - straight line, f/p - Natasha
Aim: Natasha (severely wounded)
You shoot a bolt. The bolt misses Natasha.
Natasha closely misses you.
Natasha stares at you and mumbles some strange words.
The magic dart hits you!
You die...

.........<#
#.....##....).
##....###.#
#..#..##.(.##.
##.#.# ...
#.....#.###.#.
#.#.. ..##
#.......# #†..
#.#### ..#
##.###.#.# #)##
#. .##
####...##.##...##
.#
#.........###.#
#.##...##.# #.#
#@###.....# # #
#h# ####### #.#
#(# #.# #.# #.#
###### #(# ..o.(#


You could see Natasha.

Vanquished Creatures
  2 orc priests (D:3)
  An iguana (D:4)
  Natasha (D:4)
  An orc wizard (D:3)
  3 adders
  An adder skeleton (D:4)
  A worm (D:3)
  2 dart slugs
  A leopard gecko (D:1)
  4 orcs
  4 giant cockroaches
  7 goblins
  2 hobgoblins
  3 jackals (D:4)
  A quokka (D:4)
  A ball python (D:1)
  3 bats
  3 frilled lizards
  4 kobolds (D:1)
  2 rats (D:1)
47 creatures vanquished.

Notes
Turn   | Place    | Note
-------+----------+-------------------------------------------
     0 | D:1      | JeffiDaFish the Spriggan Arcane Marksman began the quest for the Orb.
     0 | D:1      | Reached XP level 1. HP: 9/9 MP: 3/3
   398 | D:1      | Reached XP level 2. HP: 14/14 MP: 5/5
   569 | D:1      | Reached skill level 1 in Fighting
  1040 | D:2      | Reached XP level 3. HP: 14/18 MP: 6/6
  1343 | D:2      | Learned a level 2 spell: Slow
  1816 | D:3      | Noticed Golfball's ghost (amateur GrFi)
  2182 | D:3      | Reached XP level 4. HP: 22/22 MP: 7/7
  2237 | D:3      | Reached skill level 1 in Short Blades
  2278 | D:3      | Reached XP level 5. HP: 4/25 MP: 8/8
  2742 | D:3      | Found a shadowy altar of Dithmenos.
  2872 | D:3      | Became a worshipper of Dithmenos the Shadowed
  3081 | D:4      | Noticed Blork the orc
  3197 | D:4      | Noticed Natasha
  3199 | D:4      | Killed Natasha
  3215 | D:4      | Noticed Natasha
  3223 | D:4      | Killed from afar by Natasha

Skill      XL: |  1  2  3  4 |
---------------+-------------+-----
Hexes          | 4 |  4.3
Fighting       | 1 |  1.2
Crossbows      | 3 4 |  4.7
Short Blades   | 1 |  1.0
Dodging        | 4 |  4.2
Stealth        | |  0.7
Spellcasting   | |  1.6

Action                   |  1- 3 |  4- 6 || total
-------------------------+-------+-------++-------
Melee: Short sword       |    55 |       ||    55
 Fire: Hand crossbow     |    60 |    68 ||   128
 Cast: Slow              |     1 |     3 ||     4
  Use: Potion            |     6 |       ||     6
       Scroll            |     7 |     2 ||     9
Armor: Robe              |     3 |       ||     3
Dodge: Dodged            |    64 |    23 ||    87
